 Dungeon Crawl Stone Soup version 0.17.1-2-g5865329 (webtiles) character file.

103 Jerry the Sneak (level 4, -3/29 HPs)
             Began as an Octopode Wizard on Feb 11, 2016.
             Slain by a gnoll
             ... wielding a +0 spear of chaos
              (8 damage)
             ... on level 2 of the Dungeon.
             The game lasted 00:10:46 (3581 turns).

Jerry the Sneak (Octopode Wizard)                   Turns: 3581, Time: 00:10:46

Health: -3/29      AC:  1    Str:  7    XL:     4   Next: 79%
Magic:  1/8        EV: 13    Int: 25    God:
Gold:   83         SH:  0    Dex: 10    Spells: 1 memorised, 8 levels left

rFire  + . .     SeeInvis .     e - -3 club (curse)
rCold  x . .     Clarity  .     (no shield)
rNeg   . . .     SustAt   .     a - +0 hat
rPois  .         Gourm    .     (no amulet)
rElec  .         Spirit   .     j - ring of fire
rCorr  .         Warding  .     (no ring)
rMut   .         Stasis   .     (no ring)
MR     .....                    (no ring)
Stlth  ++++......               (no ring)
                                (no ring)
                                (no ring)
                                (no ring)

@: brilliant, not resistant to hostile enchantments, stealthy
A: almost no armour, amphibious, 8 rings, constrict 8, camouflage 1, gelatinous
body 1
a: no special abilities


You were on level 2 of the Dungeon.
You were hungry.

You visited 1 branch of the dungeon, and saw 2 of its levels.

You collected 83 gold pieces.

Inventory:

Hand Weapons
 e - a cursed -3 club (weapon)
Armour
 a - a +0 hat (worn)
Jewellery
 j - a ring of fire (left tentacle)
Scrolls
 f - 2 scrolls of immolation
 l - 3 scrolls of identify
Potions
 h - a potion of brilliance
 i - 2 potions of cure mutation
 m - a potion of cancellation {unknown}
Books
 b - a book of Minor Magic

   Spells                             Type                      Level
   a - Magic Dart                     Conjuration                  1
   b - Blink                          Translocation                2
   c - Call Imp                       Summoning                    2
   d - Repel Missiles                 Charms/Air                   2
   e - Slow                           Hexes                        2
   f - Conjure Flame                  Conjuration/Fire             3
   g - Mephitic Cloud                 Conjuration/Poison/Air       3
Comestibles
 c - 2 bread rations
 d - a beef jerky
 g - a meat ration


   Skills:
 + Level 2.1 Fighting
 + Level 3.4 Dodging
 - Level 4.2 Stealth
 - Level 3.0 Spellcasting
 - Level 1.0 Conjurations
   Level 1.0 Summonings
   Level 1.0 Translocations


You had 8 spell levels left.
You knew the following spells:

 Your Spells              Type           Power        Failure   Level  Hunger
a - Magic Dart            Conj           ###.         1%          1    None


Dungeon Overview and Level Annotations

Branches:
Dungeon (2/15)

Altars:


Innate Abilities, Weirdness & Mutations

You cannot wear most types of armour.
You are amphibious.
You can wear up to eight rings at the same time.
You can use your tentacles to constrict eight enemies at once.
Your skin changes colour to match your surroundings (Stealth).
Your rubbery body absorbs attacks (AC +1).


Message History

Confirm with . or Enter, or press ? or * to list all spells.
You don't have enough magic to cast that spell.
Casting: Magic Dart
Confirm with . or Enter, or press ? or * to list all spells.
You don't have enough magic to cast that spell.
Casting: Magic Dart
Confirm with . or Enter, or press ? or * to list all spells.
You don't have enough magic to cast that spell.
Casting: Magic Dart
Confirm with . or Enter, or press ? or * to list all spells.
You don't have enough magic to cast that spell.
Casting: Magic Dart
Confirm with . or Enter, or press ? or * to list all spells.
You don't have enough magic to cast that spell.
Unknown command.
Drink which item? (? for menu, Esc to quit)
It was a potion of brilliance.
You feel clever all of a sudden.
The gnoll hits you from afar with a spear of chaos!
You die...

#######*≈≈≈,*#..#.##≈≈..**#....
*,≈*≈≈,#§....≈.≈#* ###..
**≈,#####.≈≈≈##≈≈#####..
*$.#.#≈...#..≈≈##......
*⌠.≈.....≈#..#*****###.
**≈*,#≈.≈.#*** #.
##############g###*** #.
#............#.# #. #
#.##(###.###.@.#******* ##.
####.##.# #.# #.###*,,,,,* ##..
.##.#.#.#*#.###.#
*,***,***##...
...###..#*.(.*#.# *,*
*,,....... ###.#.#.#*#.#*#.#
*,* ***######. ##.##.###.###.#
*,*##########. ####.........#
#,*#.......##. # #####.#####
#.*#.#####.##' ## #.# #.##.###
#.#..


You could see a gnoll.

Vanquished Creatures
  5 adders (D:2)
  An ooze (D:2)
  4 giant cockroaches (D:2)
  7 hobgoblins
  12 bats
  4 giant newts
  4 goblins (D:1)
  8 jackals (D:2)
  8 kobolds
  2 rats (D:1)
55 creatures vanquished.

Notes
Turn   | Place    | Note
--------------------------------------------------------------
     0 | D:1      | Jerry the Octopode Wizard began the quest for the Orb.
     0 | D:1      | Reached XP level 1. HP: 11/11 MP: 4/4
   393 | D:1      | Reached XP level 2. HP: 16/18 MP: 0/6
  1676 | D:1      | Reached XP level 3. HP: 22/22 MP: 2/7
  1910 | D:2      | Reached skill level 1 in Fighting
  2218 | D:2      | Reached skill level 4 in Stealth
  2218 | D:2      | Reached XP level 4. HP: 19/28 MP: 2/8
  3581 | D:2      | Slain by a gnoll

Action                   |  1- 3 |  4- 6 || total
-------------------------+-------+-------++-------
Melee: Club              |    18 |     2 ||    20
 Cast: Magic Dart        |    83 |    74 ||   157
  Use: Scroll            |     4 |     2 ||     6
       Potion            |       |     1 ||     1
  Eat: Chunk             |     3 |     4 ||     7
